 Dungeon Crawl Stone Soup version 0.28.0-45-g0d030f2227 (webtiles) character file.

Game seed: 2964437921882108285

110 protoss039 the Digger (level 4, -1/24 HPs)
             Began as a Gargoyle Earth Elementalist on Apr 16, 2022.
             Killed from afar by Ijyb (10 damage)
             ... with an iceblast
             ... on level 3 of the Dungeon.
             The game lasted 00:03:16 (3525 turns).

protoss039 the Digger (Gargoyle Earth Elementalist) Turns: 3525, Time: 00:03:16

Health: -1/24      AC:  8    Str: 12    XL:     4   Next: 91%
Magic:  7/7        EV: 11    Int: 17    God:
Gold:   168        SH:  0    Dex: 16    Spells: 2/8 levels left

rFire   . . .      SeeInvis .   k - +2 short sword (venom)
rCold   . . .      Faith    .   (no shield)
rNeg    + . .      Spirit   .   l - +0 ring mail
rPois   ∞          Reflect  .   (no helmet)
rElec   +          Harm     .   (no cloak)
rCorr   .          Rampage  .   (no gloves)
Will    .....                   (no boots)
Stlth   ++........              (no amulet)
HPRegen 0.08/turn               g - +6 ring of dexterity
MPRegen 0.10/turn               j - ring of flight

@: flying
A: sickness immunity, AC +3, negative energy resistance 1, electricity
resistance, torment resistance 1, petrification resistance
a: no special abilities


You were on level 3 of the Dungeon.
You visited 1 branch of the dungeon, and saw 3 of its levels.

You collected 168 gold pieces.

Inventory:

Hand Weapons
 k - a +2 short sword of venom (weapon)
 o - a +3 dagger of draining
Missiles
 c - 98 stones
 q - 2 throwing nets
Armour
 l - a +0 ring mail (worn)
Jewellery
 a - a ring of positive energy
 b - a ring of positive energy
 g - a +6 ring of dexterity (left hand)
 j - a ring of flight (right hand)
Wands
 s - a wand of flame (16)
Scrolls
 d - a scroll of amnesia {unknown}
 f - 2 scrolls of identify {unknown}
 h - 2 scrolls of teleportation {unknown}
 i - a scroll of enchant weapon {unknown}
 m - a scroll of holy word {unknown}
 r - a scroll of fog {unknown}
Potions
 e - 3 potions of curing {unknown}
 n - a potion of haste {unknown}
 p - a potion of resistance {unknown}


   Skills:
 * Level 2.7 Dodging
 - Level 3.0 Stealth
 + Level 2.5 Spellcasting
 + Level 1.5 Transmutations
 + Level 4.1 Earth Magic


You had 2 spell levels left.
You knew the following spells:

 Your Spells              Type           Power      Damage    Failure   Level
a - Sandblast             Erth           32%        2d9       8%          1
b - Passwall              Tmut/Erth      9%         N/A       19%         2
c - Stone Arrow           Conj/Erth      18%        3d8       47%         3

Your spell library contained the following spells:

 Spells                   Type           Power      Damage    Failure   Level
 Shock                    Conj/Air       8%         1d3       38%         1
 Swiftness                Air            2%         N/A       77%         3
 Petrify                  Tmut/Erth      11%        N/A       77%         4
 Airstrike                Air            1%         N/A       99%         4


Dungeon Overview and Level Annotations

Branches:
Dungeon (3/15)

Altars:

Annotations:
D:3 Ijyb


Innate Abilities, Weirdness & Mutations

You are immune to sickness and miasma.
Your stone body is resilient. (AC +3)
You are immune to poison.
You resist negative energy. (rN+)
You are resistant to electric shocks. (rElec)
You are resistant to unholy torment.
You are immune to petrification.


Message History

Unknown command.
You now have 168 gold pieces (gained 16).
Ijyb the Twisted Goblin comes into view.
She is wielding a +0 club and carrying a wand of iceblast (13).
Ijyb is nearby!
Ijyb is nearby!
Okay, then.
Press: ? - help, v - describe, . - travel
Here: Ijyb, wielding a +0 club, wearing a +0 leather armour and carrying a wand of iceblast (13) (asleep)
The floor.
Casting: Sandblast (safe; 8% risk of failure)
Confirm with . or Enter, or press ? or * to list all spells.
The spell is potentially lethal to miscast (47% risk of failure)!
Continue anyway?
Okay, then.
Press: ? - help, v - describe, . - travel
Here: Ijyb, wielding a +0 club, wearing a +0 leather armour and carrying a wand of iceblast (13) (asleep)
The floor.
Ijyb shouts!
Ijyb zaps a wand.
The mass of ice explodes!
The iceblast engulfs you!
Ouch! That really hurt!
Casting: Stone Arrow (potentially lethal; 47% risk of failure)
Confirm with . or Enter, or press ? or * to list all spells.
The spell is potentially lethal to miscast (47% risk of failure)!
Continue anyway? [Y]es or [N]o only, please.
The spell is potentially lethal to miscast (47% risk of failure)!
Continue anyway?
Okay, then.
Unknown command.
Casting: Stone Arrow (potentially lethal; 47% risk of failure)
Confirm with . or Enter, or press ? or * to list all spells.
The spell is potentially lethal to miscast (47% risk of failure)!
Continue anyway?
Aiming: Stone Arrow (potentially lethal; 47% risk of failure)
Press: ? - help, Shift-Dir - straight line, f - Ijyb
Aim: Ijyb, wielding a +0 club, wearing a +0 leather armour and carrying a wand of iceblast (12) (55% to hit)
Okay, then.
Casting: Stone Arrow (potentially lethal; 47% risk of failure)
Confirm with . or Enter, or press ? or * to list all spells.
Aiming: Sandblast (safe; 8% risk of failure)
Press: ? - help, Shift-Dir - straight line, f - you
Okay, then.
Ijyb zaps a wand.
The mass of ice explodes!
The iceblast engulfs you!
You die...

.#.#
#...#........#
.#.#
#...#........#
.#.#
#####........#
.#.# ##.#+#####
.#.# ###.# .#.#
#######...# ...#
........### ###
...#
$#####..###.....
...# #..@...#
.#.# #......+
.#.# #...g..#
.#.# ........#
##.# .........#
.# ####......#
........
##########


You could see Ijyb.

Vanquished Creatures
  3 gnolls (D:3)
  2 adders
  A white imp (D:3)
  2 dart slugs (D:1)
  9 endoplasms
  4 giant cockroaches
  2 hobgoblins
  3 kobolds (D:2)
  3 quokkas
  5 ball pythons
  4 bats (D:2)
  3 frilled lizards
  6 goblins
  6 rats
53 creatures vanquished.

Notes
Turn   | Place    | Note
-------+----------+-------------------------------------------
     0 | D:1      | protoss039 the Gargoyle Earth Elementalist began the quest
                  | for the Orb.
     0 | D:1      | Reached XP level 1. HP: 10/10 MP: 3/3
   415 | D:1      | Reached XP level 2. HP: 8/15 MP: 1/5
   581 | D:1      | Reached skill level 1 in Transmutations
  1399 | D:1      | Reached XP level 3. HP: 15/19 MP: 6/6
  1733 | D:1      | Learned a level 2 spell: Passwall
  1737 | D:1      | Learned a level 3 spell: Stone Arrow
  2679 | D:3      | Reached XP level 4. HP: 20/24 MP: 2/7
  2820 | D:3      | Reached skill level 4 in Earth Magic
  3523 | D:3      | Noticed Ijyb
  3525 | D:3      | Killed from afar by Ijyb

Illustrated notes

Levels and vault maps discovered:
D:1:      dpeg_arrival_shrine, layout_loops_ring, minmay_misc_feat_diagonals,
          st_stairs_7
D:2:      layout_basic
D:3:      layout_basic, minmay_fractal_squares_diagonal_5, uniq_ijyb

Skill      XL: |  1  2  3  4 |
---------------+-------------+-----
Transmutations | 1 |  1.5
Dodging        | 2 |  2.7
Stealth        | 3 |  3.0
Earth Magic    | 4 |  4.1
Spellcasting   | |  2.5

Action                   |  1- 3 |  4- 6 || total
-------------------------+-------+-------++-------
Melee: Unarmed           |    46 |       ||    46
       Dagger            |    84 |       ||    84
       Short sword       |    22 |    27 ||    49
 Cast: Sandblast         |    18 |     6 ||    24
 Stab: Sleeping          |     8 |     2 ||    10
Armor: Robe              |    52 |       ||    52
       Ring mail         |     4 |    11 ||    15
Dodge: Dodged            |   114 |    16 ||   130
